 Dungeon Crawl Stone Soup version 0.21.1-1-g345015f (webtiles) character file.

37 lotte the Chopper (level 3, 13/34 HPs)
             Began as a Deep Dwarf Berserker on June 24, 2018.
             Was a Follower of Trog.
             Quit the game on level 2 of the Dungeon.
             The game lasted 00:05:59 (1323 turns).

lotte the Chopper (Deep Dwarf Berserker)            Turns: 1323, Time: 00:06:01

Health: 13/34      AC:  3    Str: 21    XL:     3   Next: 21%
Magic:  3/3        EV: 12    Int:  7    God:    Trog [*.....]
Gold:   87         SH:  3    Dex: 12    Spells: 2/2 levels left

rFire    + . .     SeeInvis .   a - +0 hand axe
rCold    x . .     Gourm    .   l - +0 buckler
rNeg     . . .     Faith    .   b - +0 animal skin
rPois    .         Spirit   .   (no helmet)
rElec    .         Reflect  .   n - +0 cloak
rCorr    +         Harm     .   (no gloves)
MR       .....                  (no boots)
Stlth    +.........             (no amulet)
HPRegen  0.00/turn              i - ring of fire
MPRegen  0.08/turn              o - ring of resist corrosion

@: non-regenerating
A: damage resistance, heal wounds, sense surroundings 1, no regeneration
a: Heal Wounds, Berserk, Burn Spellbooks, Renounce Religion


You were on level 2 of the Dungeon.
You worshipped Trog.
Trog was aware of your devotion.
You were very hungry.

You visited 1 branch of the dungeon, and saw 2 of its levels.

You collected 87 gold pieces.

Inventory:

Hand Weapons
 a - a +0 hand axe (weapon)
Armour
 b - a +0 animal skin (worn)
 l - a +0 buckler (worn)
 n - a +0 cloak (worn)
Jewellery
 i - a ring of fire (left hand)
 m - an uncursed ring of magical power
 o - a ring of resist corrosion (right hand)
Scrolls
 e - a scroll of identify {unknown}
 f - 2 scrolls of teleportation {unknown}
 k - a scroll of random uselessness {unknown}
Potions
 d - 3 potions of ambrosia {unknown}
 g - 2 potions of curing {unknown}
 h - 3 potions of haste {unknown}
 j - a potion of agility {unknown}
Comestibles
 c - 4 rations


   Skills:
 + Level 3.2 Fighting
 + Level 4.0 Axes
 + Level 2.3 Armour
 + Level 2.3 Dodging


You had 2 spell levels left.
You didn't know any spells.

Dungeon Overview and Level Annotations

Branches:
Dungeon (2/15)

Altars:


Innate Abilities, Weirdness & Mutations

You are resistant to damage.
You can heal yourself by infusing magical energy.
You passively map a small area around you.
You do not regenerate.


Message History

You see here a bat corpse.
Found a mace.
You are feeling very hungry.
Found a spear.
You enter a teleport trap!
The teleport trap disappears.
Your surroundings suddenly seem different.
Found a bubbling purple potion.
d - 3 bubbling purple potions (gained 1)
You now have 87 gold pieces (gained 14).
Found an encrusted gilded ring.
Found a stone staircase leading down.
o - an encrusted gilded ring Put on which piece of jewellery? (? for menu, Esc to quit)
You're wearing all the rings you can.
Remove which one? (? for menu, Esc to cancel) < or
i - a ring of fire; > or
m - a ring of magical power You remove your ring of magical power.
You feel your magic capacity decrease.
o - a ring of resist corrosion (right hand)
Found a stone staircase leading up.
Are you sure you want to abandon this character and quit the game? (Confirm with "yes".)

#.#..............#...#.#
#.#########.#..#........
#....................#.#
#######........#.....# *
#######'####.#.#.###.#,*
* * .........#
#.#.....#.# * .........#
#.#.#.#.# # ,,
.........#
#.#.#.#.#.#..,, ,
#######'## .# #@.......
#### #.# .# ##....#.. ,,
, ...# #.# .#, ..### *
...# #.# , ### ...# #.#
, , , ,* ...# #.# * *
###### * ...# #.# , ,*
#....# ...####.#
#....### * , ........# *
, +......# * *


There were no monsters in sight!

Vanquished Creatures
  2 dart slugs (D:1)
  3 leopard geckos (D:1)
  2 bats
  6 goblins
  4 hobgoblins
  2 kobolds (D:1)
  A quokka (D:2)
  2 frilled lizards (D:1)
  6 rats
28 creatures vanquished.

Notes
Turn   | Place    | Note
-------+----------+-------------------------------------------
     0 | D:1      | lotte the Deep Dwarf Berserker began the quest for the Orb.
     0 | D:1      | Reached XP level 1. HP: 20/20 MP: 1/1
   178 | D:1      | Reached XP level 2. HP: 21/27 MP: 2/2
   434 | D:1      | Reached skill level 4 in Axes
   672 | D:1      | Reached XP level 3. HP: 22/34 MP: 3/3
  1323 | D:2      | Quit the game

Skill      XL: |  1  2 |
---------------+-------+-----
Fighting       | 3 |  3.2
Axes           | 4 |  4.0
Armour         | |  2.3
Dodging        | |  2.3

Action                   || total
-------------------------++-------
Melee: Hand axe          ||    80
 Abil: Heal Wounds       ||     1
Armor: Animal skin       ||    16
Dodge: Dodged            ||    47
Block: Buckler           ||     4
